 Dungeon Crawl Stone Soup version 0.26.1-12-g5ba1501909 (webtiles) character file.

Game seed: 7158206134451077042

53 Zeld the Sneak (level 3, -5/25 HPs)
             Began as an Octopode Brigand on Oct 29, 2021.
             Killed from afar by Sigmund (9 damage)
             ... with a puff of flame
             ... on level 2 of the Dungeon.
             The game lasted 00:01:57 (1803 turns).

Zeld the Sneak (Octopode Brigand)                   Turns: 1803, Time: 00:01:57

Health: -5/25      AC:  1    Str: 10    XL:     3   Next: 87%
Magic:  3/3        EV: 12    Int: 13    God:
Gold:   51         SH:  3    Dex: 14    Spells: 2/2 levels left

rFire    . . .     SeeInvis .   a - +2 dagger
rCold    . . .     Faith    .   f - +0 buckler
rNeg     . . .     Spirit   .   (helmet restricted)
rPois    .         Reflect  .   (no amulet)
rElec    .         Harm     .   (no ring)
rCorr    .         Rampage  .   (no ring)
Will     .....                  (no ring)
Stlth    ++++......             (no ring)
HPRegen  0.08/turn              (no ring)
MPRegen  0.08/turn              (no ring)
                                (no ring)
                                (no ring)

@: no status effects
A: almost no armour, stealthy swim, amphibious, 8 rings, constrict 8, camouflage
1, gelatinous body 1
a: no special abilities


You were on level 2 of the Dungeon.
You visited 1 branch of the dungeon, and saw 2 of its levels.

You collected 51 gold pieces.

Inventory:

Hand Weapons
 a - a +2 dagger (weapon)
Missiles
 b - 23 poisoned darts (quivered)
 c - 2 curare-tipped darts
Armour
 f - a +0 buckler (worn)
Scrolls
 d - a scroll of identify {unknown}
 g - a scroll of teleportation {unknown}
 h - a scroll of enchant weapon {unknown}
 i - 3 scrolls of remove curse {unknown}
 j - a scroll of enchant armour {unknown}
 k - a scroll of magic mapping {unknown}
 l - 4 scrolls of amnesia {unknown}
 n - a scroll of fear {unknown}
Potions
 e - a potion of resistance {unknown}
 m - a potion of berserk rage {unknown}


   Skills:
 * Level 2.5 Fighting
 * Level 2.6 Short Blades
 * Level 2.5 Throwing
 + Level 1.5 Dodging
 + Level 5.5 Stealth
 + Level 0.5 Shields


You had 2 spell levels left.
You didn't know any spells.
Your spell library was empty.

Dungeon Overview and Level Annotations

Branches:
Dungeon (2/15)

Altars:
Zin

Annotations:
D:2 1 runed translucent door, Crazy Yiuf, Sigmund


Innate Abilities, Weirdness & Mutations

You cannot wear most types of armour.
You are very stealthy in the water. (Stealth+)
You are amphibious.
You can wear up to eight rings at the same time.
You can use your tentacles to constrict eight enemies at once.
Your skin changes colour to match your surroundings (Stealth+).
Your rubbery body absorbs attacks. (AC +1, EV +1)


Message History

You bump into the rock wall.
Sigmund closely misses you.
You are too confused!
Sigmund barely misses you. Sigmund hits you but does no damage.
You feel less confused.
You closely miss Sigmund. You grab Sigmund.
You squeeze Sigmund, but do no damage.
Sigmund is moderately wounded.
You constrict Sigmund, but do no damage.
Sigmund drinks a potion.
Sigmund flickers and vanishes!
Deactivating autopickup; reactivate with Ctrl-A.
No target in view!
No target in view!
You release your grip on something.
Something hits you!
A puff of flame appears from out of thin air!
The puff of flame hits you!
* * * LOW HITPOINT WARNING * * *
A puff of flame appears from out of thin air!
The puff of flame hits you!
You die...

#.# #.# #.## ...
#.#####.#######.## #.#
#...............##
#.###########.##########
#.#...# #.# # #.#...# #.# #
#########.#...#### #.# #
.................####.# # .
#####.....{...@.<....# #
#$.
#.#.........###############
#...# #.###....####
#...........
......#.###....#
#.#########.
...............# #.# #.
......#.#####.## #.#
#######. #...###.#
#.########.###....#.# #..
#.# #..............##..##
.# #.# #######.######.##


There were no monsters in sight!

Vanquished Creatures
  An adder (D:2)
  An ooze (D:1)
  A dart slug (D:1)
  A ball python (D:1)
  A giant cockroach (D:2)
  7 goblins
  3 hobgoblins
  5 jackals
  5 bats
  4 kobolds
  5 rats
34 creatures vanquished.

Notes
Turn   | Place    | Note
-------+----------+-------------------------------------------
     0 | D:1      | Zeld the Octopode Brigand began the quest for the Orb.
     0 | D:1      | Reached XP level 1. HP: 14/14 MP: 1/1
    98 | D:1      | Reached XP level 2. HP: 18/19 MP: 2/2
   669 | D:1      | Reached XP level 3. HP: 25/25 MP: 3/3
  1145 | D:2      | Noticed Sigmund
  1557 | D:2      | Found a glowing silver altar of Zin.
  1720 | D:2      | Found a runed translucent door.
  1721 | D:2      | Noticed Crazy Yiuf
  1803 | D:2      | Killed from afar by Sigmund

Illustrated notes

Levels and vault maps discovered:
D:1:      shiori_arrival_maze, layout_rooms, st_stairs_13
D:2:      layout_loops_ring, zin_academy, serial_glass, glass_columns_c,
          glass_columns_a, minmay_hexomino_p4, uniq_crazy_yiuf_cottage,
          uniq_robin, uniq_sigmund

Action                   || total
-------------------------++-------
Melee: Dagger            ||    80
       Constrict         ||    20
       Tentacles         ||    15
 Stab: Sleeping          ||    10
Armor: Skin              ||    16
Dodge: Dodged            ||    64
Block: Buckler           ||     8
